 Dungeon Crawl Stone Soup version 0.31.0-9-g3a7656b989 (webtiles) character file.

Game seed: 8054403068408019278

187 qw the Skirmisher (level 5, -2/29 HPs)
             Began as a Deep Elf Hunter on Feb 2, 2024.
             Incinerated by a bombardier beetle (5 damage)
             ... with a burning spray
             ... on level 4 of the Dungeon.
             The game lasted 00:00:09 (2593 turns).

qw the Skirmisher (Deep Elf Hunter)                 Turns: 2593, Time: 00:00:10

Health: -2/29      AC:  7    Str: 10    XL:     5   Next: 39%
Magic:  7/7        EV: 11    Int: 14    God:
Gold:   13         SH:  0    Dex: 18    Spells: 4/4 levels left

rFire   . . .        a - +0 shortbow
rCold   + . .        (shield currently unavailable)
rNeg    . . .        j - +0 ring mail
rPois   .            (no helmet)
rElec   .            (no cloak)
rCorr   .            o - +1 pair of gloves
SInv    .            (no boots)
Will    .....        (no amulet)
Stlth   +            d - ring of protection from cold
HPRegen 0.24/turn    (no ring)
MPRegen 0.10/turn

%: no passive effects
@: on fire, glowing
A: no striking features
a: no special abilities


You were on level 4 of the Dungeon.
You visited 1 branch of the dungeon, and saw 4 of its levels.

You collected 106 gold pieces.
You spent 93 gold pieces at shops.


   Skills:
 - Level 1.5 Fighting
 + Level 8.9 Ranged Weapons
 - Level 2.4 Dodging
 - Level 1.2 Stealth


You had 4 spell levels left.
You didn't know any spells.
Your spell library was empty.

Inventory:

Hand Weapons
 a - a +0 shortbow (weapon)
Armour
 j - a +0 ring mail (worn)
 o - a +1 pair of gloves (worn)
Jewellery
 d - a ring of protection from cold (left hand)
 h - a ring of fire
Wands
 g - a wand of charming (6)
Scrolls
 m - 2 scrolls of blinking {unknown}
 n - a scroll of identify
Potions
 b - a potion of heal wounds
 c - a potion of brilliance {unknown}
 e - a potion of haste
 f - a potion of might {unknown}
 i - a potion of curing {unknown}
 k - a potion of lignification {unknown}
 l - 2 potions of berserk rage {unknown}

Dungeon Overview and Level Annotations

Branches:
Dungeon (4/15)
 Temple: D:4-7

Altars:
Dithmenos
Gozag
Ru
Trog

Shops:
D:4 :*


Message History

m - 2 scrolls labelled OPINUS VENATZ (gained 1)
You see here a +0 short sword.
A bombardier beetle comes into view.
Found 20 gold pieces.
The bombardier beetle moves out of view.
Found a stone staircase leading up.
Enter note: You shoot an arrow.
The arrow hits the bombardier beetle.
The bombardier beetle is moderately wounded.
The bombardier beetle sprays incendiary fluid at you.
The burning spray misses you.
You shoot an arrow. The arrow hits the bombardier beetle.
The bombardier beetle is moderately wounded.
The bombardier beetle sprays incendiary fluid at you.
The burning spray hits you.
You are covered in liquid fire!
You shoot an arrow. The arrow hits the bombardier beetle.
The bombardier beetle is heavily wounded.
The liquid fire burns you!
You shoot an arrow. The arrow hits the bombardier beetle.
The bombardier beetle is severely wounded.
The liquid fire burns you!
You shoot an arrow.
The arrow hits the bombardier beetle but does no damage.
The bombardier beetle is severely wounded.
The liquid fire burns you!
You shoot an arrow.
The arrow hits the bombardier beetle but does no damage.
The bombardier beetle is severely wounded.
The liquid fire burns you!
You shoot an arrow.
The arrow hits the bombardier beetle but does no damage.
The bombardier beetle is severely wounded.
The liquid fire burns you!
You shoot an arrow. The arrow hits the bombardier beetle!
You kill the bombardier beetle!
The liquid fire burns you!
You are on fire!
The liquid fire burns you!
You die...

... ...... #.# .....
##.######## ...#
#.........########...###
'.......................
#.......................
#.........%....)........
#........)##..##.##..###
##..##....######@# #
##..##....##...%.#
##.........+.....#
##.\......##.....#
##..##....##.....#
##..##....##.....#
#.............$.#
.............<..#
#...##....##.


There were no monsters in sight!

Vanquished Creatures
  2 bombardier beetles
  Jessica (D:2)
  3 adders
  2 dart slugs (D:1)
  7 orcs
  4 bats
  5 endoplasms
  5 giant cockroaches
  4 goblins
  5 hobgoblins (D:1)
  9 kobolds
  3 quokkas
  2 ball pythons (D:1)
  2 frilled lizards
  9 rats
63 creatures vanquished.

Notes
Turn   | Place    | Note
-------+----------+-------------------------------------------
     0 | D:1      | qw the Deep Elf Hunter began the quest for the Orb.
     0 | D:1      | Reached XP level 1. HP: 12/12 MP: 3/3
     0 | D:1      | 0 ||| qw: Version: 0.3-a-155-g5e7d8dd
     0 | D:1      | 0 ||| qw: Game counter: 1485
     0 | D:1      | 0 ||| qw: Melee chars always use a shield: true
     0 | D:1      | 0 ||| qw: God list: Okawaru
     0 | D:1      | 0 ||| qw: Allow faded altars: false
     0 | D:1      | 0 ||| qw: Do Orc after clearing Dungeon:15 true
     0 | D:1      | 0 ||| qw: Do second Lair branch before Depths: true
     0 | D:1      | 0 ||| qw: Lair rune preference: random
     0 | D:1      | 0 ||| qw: Goals: Normal
     0 | D:1      | 0 ||| PLANNING D:1-11
   132 | D:1      | Reached XP level 2. HP: 16/16 MP: 4/4
   142 | D:1      | Reached skill level 6 in Ranged Weapons
   519 | D:1      | Reached XP level 3. HP: 19/20 MP: 5/5
   698 | D:1      | 698 ||| READING scroll labelled HUYGEIR PAYD.
   698 | D:1      | 698 ||| IDENTIFYING smoky green potion
   699 | D:1      | 699 ||| READING scroll labelled IFOSEWN XIER KUESK.
   699 | D:1      | 699 ||| ENCHANTING +0 shortbow.
   700 | D:1      | 700 ||| DROPPING scroll of butterflies.
   701 | D:1      | 701 ||| DROPPING potion of attraction.
   957 | D:2      | Reached skill level 7 in Ranged Weapons
  1226 | D:2      | 1226 ||| RETREEEEATING.
  1227 | D:2      | 1227 ||| RETREEEEATING.
  1228 | D:2      | 1228 ||| RETREEEEATING.
  1229 | D:2      | 1229 ||| RETREEEEATING.
  1230 | D:2      | 1230 ||| RETREEEEATING.
  1231 | D:2      | 1231 ||| RETREEEEATING.
  1233 | D:2      | 1233 ||| RETREEEEATING.
  1480 | D:2      | Noticed Jessica
  1482 | D:2      | Killed Jessica
  1483 | D:2      | Reached XP level 4. HP: 25/25 MP: 6/6
  1685 | D:2      | Found a faded altar of an unknown god.
  1809 | D:2      | 1809 ||| UPGRADING to +0 ring mail.
  1819 | D:2      | 1819 ||| DROPPING +0 leather armour.
  1820 | D:2      | 1820 ||| UPGRADING to +0 pair of gloves.
  1825 | D:2      | 1825 ||| READING scroll of enchant armour.
  1825 | D:2      | 1825 ||| ENCHANTING +0 pair of gloves.
  1826 | D:2      | 1826 ||| READING 3 scrolls of identify.
  1826 | D:2      | 1826 ||| IDENTIFYING metallic grey potion
  1827 | D:2      | 1827 ||| READING 2 scrolls of identify.
  1827 | D:2      | 1827 ||| IDENTIFYING sedimented red potion
  1828 | D:2      | 1828 ||| READING scroll of identify.
  1828 | D:2      | 1828 ||| IDENTIFYING fuming coppery potion
  1829 | D:2      | 1829 ||| READING scroll labelled XOURGH FOIHE.
  1830 | D:2      | 1830 ||| READING scroll labelled RORCHO ZAPAST.
  1834 | D:2      | 1834 ||| READING scroll labelled KEOPRENANO.
  1835 | D:2      | 1835 ||| DROPPING potion of degeneration.
  1914 | D:3      | Found an opulent altar of Gozag.
  1939 | D:3      | Found a sacrificial altar of Ru.
  1973 | D:3      | Reached skill level 8 in Ranged Weapons
  1975 | D:3      | 1975 ||| DROPPING +2 sling of electrocution.
  2040 | D:3      | Found a shadowy altar of Dithmenos.
  2241 | D:3      | Reached XP level 5. HP: 16/29 MP: 7/7
  2485 | D:3      | Found a bloodstained altar of Trog.
  2491 | D:3      | 2491 ||| UPGRADING to ring of protection from cold.
  2518 | D:4      | Found Leorreq's Book Emporium.
  2546 | D:4      | Found Kasiwnig's Assorted Antiques.
  2555 | D:4      | 2555 ||| BUYING fizzy orange potion (21 gold).
  2555 | D:4      | Bought a fizzy orange potion for 21 gold pieces
  2555 | D:4      | 2555 ||| SHOPLISTING orcbow (84 gold, have 77).
  2555 | D:4      | 2555 ||| BUYING scroll labelled OPINUS VENATZ (24 gold).
  2555 | D:4      | Bought a scroll labelled OPINUS VENATZ for 24 gold pieces
  2555 | D:4      | 2555 ||| BUYING scroll of identify (48 gold).
  2555 | D:4      | Bought a scroll of identify for 48 gold pieces
  2555 | D:4      | 2555 ||| SHOPLISTING scroll of identify (48 gold, have 5).
  2592 | D:4      | HP: 3/29 [burnt (6)]
  2593 | D:4      | Incinerated by a bombardier beetle

Levels and vault maps discovered:
D:1:      dpeg_arrival_erosion, layout_basic
D:2:      layout_basic, hellmonk_ecumenical_altar_leap_of_faith,
          kennysheep_jessica_study, uniq_jessica
D:3:      layout_basic, grunt_dithmenos_smoke, nicolae_ru_sacrificial_ziggurat,
          nicolae_overflow_hidden_temple, mainiacjoe_overflow_chevrons
D:4:      layout_gridville, elyvilon_altar_1, mainiacjoe_overflow_divided_tiny,
          serial_library, serial_library_hellmonk_statue_hall,
          serial_library_hellmonk_octagon, serial_library_hellmonk_small_corner,
          serial_library_regret_index_multi,
          serial_library_regret_index_double_sided,
          serial_library_regret_index_split_case, serial_shops, shop, shop,
          nicolae_shop_bloodbath_and_beyond, nicolae_shop_peninsula

Skill      XL: |  1  2  3  4 |
---------------+-------------+-----
Ranged Weapons | 6 7 8 |  8.9
Fighting       | |  1.5
Dodging        | |  2.4
Stealth        | |  1.2

Action                     |  1- 3 |  4- 6 || total
---------------------------+-------+-------++-------
   Fire: Shortbow          |   111 |    63 ||   174
    Use: Scroll            |     2 |     7 ||     9
 Armour: Leather armour    |    14 |     2 ||    16
         Ring mail         |       |     9 ||     9
  Dodge: Dodged            |    16 |    12 ||    28

Table legend:
 A = Non-vault XP
 B = Vault XP
 C = Vault XP percentage of total XP
 D = Non-vault monster count
 E = Vault monster count
 F = Vault count percentage of total count
                 A         B        C        D         E       F
            +---------+---------+-------+---------+---------+-------
      Total |     229 |      39 |  14.6 |      61 |       2 |   3.2
            +---------+---------+-------+---------+---------+-------
        D:1 |      52 |       0 |   0.0 |      29 |       0 |   0.0
        D:2 |      34 |      39 |  53.4 |      15 |       2 |  11.8
        D:3 |      82 |       0 |   0.0 |      12 |       0 |   0.0
        D:4 |      61 |       0 |   0.0 |       5 |       0 |   0.0
            +---------+---------+-------+---------+---------+-------
